 Dungeon Crawl Stone Soup version 0.16-a0-4113-g7d8e295 (console) character file.

0 mauris the Ducker (level 1, -2/11 HPs)
             Began as a Spriggan Abyssal Knight on Feb 28, 2015.
             Was a Follower of Lugonu.
             Slain by a spatial maelstrom (11 damage)
             ... on level 4 of the Abyss.
             The game lasted 00:01:23 (165 turns).

mauris the Ducker (Spriggan Abyssal Knight)          Turns: 165, Time: 00:01:23

Health: -2/11      AC:  2    Str:  8    XL:     1   Next: 0%
Magic:  2/2        EV: 18    Int: 13    God:    Lugonu [*.....]
Gold:   0          SH:  0    Dex: 15    Spells: 0 memorised, 0 levels left

rFire  . . .     SeeInvis +     a - +1 short sword
rCold  . . .     Clarity  .     b - +0 robe
rNeg   . . .     SustAb   .     (shield restricted)
rPois  .         Gourm    .     (helmet restricted)
rElec  .         Spirit   .     (no cloak)
rCorr  .         Warding  .     (gloves unavailable)
rMut   .         Stasis   .     (boots unavailable)
MR     .....                    (no amulet)
Stlth  +.........               (no ring)
                                (no ring)

@: very quick, not resistant to hostile enchantments, very unstealthy
A: unfitting armour, see invisible, herbivore 3, speed 3, slow metabolism 2
a: Depart the Abyss, Renounce Religion


You were on level 4 of the Abyss.
You worshipped Lugonu.
Lugonu was aware of your devotion.
You were not hungry.

You visited 0 branches of the dungeon, and saw 0 of its levels.
You visited the Abyss 1 time.

Inventory:

Hand weapons
 a - a +1 short sword (weapon)
Armour
 b - a +0 robe (worn)
Magical devices
 d - a wand of cold (0)
Comestibles
 c - a bread ration


   Skills:
 + Level 2.4 Fighting
 + Level 2.1 Short Blades
 + Level 0.6 Armour
 + Level 3.0 Dodging
 + Level 1.7 Invocations


You couldn't memorise any spells.
You didn't know any spells.

Dungeon Overview and Level Annotations

Branches:
Dungeon (0/15)

Altars:


Innate Abilities, Weirdness & Mutations

You are tiny and cannot use many weapons and most armour.
You have supernaturally acute eyesight.
You are a herbivore.
You cover ground extremely quickly.
You need consume almost no food.


Message History

A spatial vortex comes into view.
The spatial vortex moves out of view.
You feel yourself growing ill in the presence of the ancient zyme.
A spatial vortex comes into view.
A spatial vortex comes into view. 2 spatial vortices come into view.
A chaos spawn comes into view.
The chaos spawn caws.
The spatial vortex moves out of view.
The chaos spawn moves out of view.
The chaos spawn closely misses you.
A spatial vortex comes into view.
A spatial vortex comes into view.
A spatial vortex comes into view.
Found 24 gold pieces.
A spatial vortex comes into view.
A spatial vortex comes into view.
The spatial maelstrom hits you!
Ouch! That really hurt!
You die...

.# . .........#.
#..###....#.#...
# #.....#.#..#.#
#....#X..### #
.## ...#.#.v.#
#....## ##...##
#..####...#..#
#....v....##...
...##.@.#.#..#
#.. #.### .#..#
. ..# #......#
..#. ..##.... ##
. . # ..# .# . .
.# #


You could see a spatial maelstrom, a spatial vortex and a large abomination.

Vanquished Creatures
  2 ufetubi (Abyss:4)
2 creatures vanquished.

Vanquished Creatures (others)
  2 starspawn tentacles (Abyss:4)
2 creatures vanquished.

Grand Total: 4 creatures vanquished

Notes
Turn   | Place    | Note
--------------------------------------------------------------
     0 | Abyss:1  | mauris, the Spriggan Abyssal Knight, began the quest for the Orb.
     0 | Abyss:1  | Reached XP level 1. HP: 11/11 MP: 2/2
    27 | Abyss:1  | Noticed a spriggan
    27 | Abyss:1  | a shapeshifter changed into a spriggan
    32 | Abyss:3  | Found a corrupted altar of Lugonu.
    83 | Abyss:4  | Noticed a ynoxinul
   105 | Abyss:4  | Huge Dmg: 3 Dmg
   106 | Abyss:4  | Noticed a spatial maelstrom
   113 | Abyss:4  | Noticed a spatial vortex
   117 | Abyss:4  | Noticed a chaos spawn
   117 | Abyss:4  | Noticed an ancient zyme
   118 | Abyss:4  | Noticed a jiangshi
   124 | Abyss:4  | Noticed a spatial vortex
   126 | Abyss:4  | Noticed a spatial vortex
   126 | Abyss:4  | Noticed an ancient zyme
   127 | Abyss:4  | Noticed a spatial vortex
   128 | Abyss:4  | Noticed a spatial vortex
   135 | Abyss:4  | Noticed a spatial vortex
   135 | Abyss:4  | Noticed a tentacled starspawn
   138 | Abyss:4  | Noticed a spatial vortex
   139 | Abyss:4  | Noticed a spatial vortex
   140 | Abyss:4  | Noticed a spatial vortex
   141 | Abyss:4  | Noticed a spatial vortex
   146 | Abyss:4  | Noticed a spatial vortex
   146 | Abyss:4  | Noticed a spatial vortex
   147 | Abyss:4  | Noticed a chaos spawn
   152 | Abyss:4  | Noticed a spatial vortex
   153 | Abyss:4  | Noticed a spatial vortex
   155 | Abyss:4  | Noticed a spatial vortex
   157 | Abyss:4  | Noticed a large abomination
   162 | Abyss:4  | Noticed a spatial vortex
   163 | Abyss:4  | Noticed a spatial vortex
   165 | Abyss:4  | Slain by a spatial maelstrom

Action                   || total
-------------------------++-------
Melee: Short sword       ||    45
Evoke: Wand              ||     1

Vault maps used:
Abyss:2:  hangedman_abyss_or_decor_stagger, evilmike_abyss_exit_vortex
Abyss:3:  grunt_abyss_rune_the_horror
Abyss:4:  evilmike_abyss_exit_plants, due_exit_kobolds, abyss_furniture_001,
          kilobyte_mutagenic_chamber, hangedman_classic_abyss_death
